 Dungeon Crawl Stone Soup version 0.24.0-13-gcf9b3192b9 (webtiles) character file.

Game seed: 17665127496746600074, levelgen mode: deterministic

154 Aviak the Skirmisher (level 5, -4/63 HPs)
             Began as a Formicid Warper on Nov 10, 2019.
             Slain by an ice beast (12 damage)
             ... on level 3 of the Dungeon.
             The game lasted 00:02:18 (2031 turns).

Aviak the Skirmisher (Formicid Warper)              Turns: 2031, Time: 00:02:19

Health: -4/63      AC: 22    Str: 16    XL:     5   Next: 63%
Magic:  8/8        EV:  2    Int: 13    God:
Gold:   162        SH:  0    Dex:  8    Spells: 8/8 levels left

rFire    . . .     SeeInvis .   a - +0 hand axe
rCold    . . .     Gourm    .   (no shield)
rNeg     + + +     Faith    .   (armour currently unavailable)
rPois    +         Spirit   .   (helmet unavailable)
rElec    .         Reflect  .   (cloak currently unavailable)
rCorr    .         Harm     .   (gloves currently unavailable)
MR       .....                  (boots currently unavailable)
Stlth    +.........             (no amulet)
HPRegen  0.20/turn              (no ring)
MPRegen  0.11/turn              (no ring)

@: tree-form
A: permanent stasis, dig shafts and tunnels, four strong arms, clumsy 1,
evolution 2
a: no special abilities


You were on level 3 of the Dungeon.
You were not hungry.
You were a tree.
You visited 1 branch of the dungeon, and saw 3 of its levels.

You collected 162 gold pieces.

Inventory:

Hand Weapons
 a - a +0 hand axe (weapon)
Missiles
 e - 5 boomerangs of dispersal (quivered)
Armour
 b - a +0 leather armour
 i - a +0 chain mail (melded)
Scrolls
 c - 2 scrolls of teleportation {unknown}
 d - 2 scrolls of identify {unknown}
 g - a scroll of fear {unknown}
 h - a scroll of remove curse {unknown}
 l - a scroll of random uselessness {unknown}
 m - a scroll of enchant weapon {unknown}
 n - a scroll of noise {unknown}
Potions
 j - a potion of haste {unknown}
 k - a potion of mutation {!q}
 o - a potion of lignification {!q}
Comestibles
 f - 4 rations
 q - 2 chunks of flesh


   Skills:
 + Level 3.8 Fighting
 + Level 3.3 Axes
 - Level 1.0 Throwing
 + Level 3.1 Armour
 - Level 2.0 Dodging
 - Level 2.2 Spellcasting
   Level 2.6 Translocations


You had 8 spell levels left.
You didn't know any spells.
Your spell library contained the following spells:

 Spells                   Type           Power        Failure   Level  Hunger
 Shroud of Golubria       Chrm/Tloc      #.....       22%         2    ###....
 Gell's Gravitas          Tloc           #.........   26%         3    ####...
 Lesser Beckoning         Tloc           #.........   26%         3    ####...
 Teleport Other           Tloc           #.......     26%         3    ####...
 Passage of Golubria      Tloc           N/A          63%         4    #####..
 Blink                    Tloc           Unusable     N/A         2    N/A

Dungeon Overview and Level Annotations

Branches:
Dungeon (3/15)

Altars:


Innate Abilities, Weirdness & Mutations

You cannot be hasted, slowed, berserked, paralysed or teleported.
You can dig through walls and to a lower floor.
Your four strong arms can wield two-handed weapons with a shield.
((You have a pair of large antennae on your head. (SInv)))
You are clumsy. (Dex -2)
You rapidly evolve.


Message History

Your Armour skill increases to level 3!
The ice beast hits you but does no damage.
You closely miss the ice beast. The ice beast hits you.
The ice beast freezes you!
You closely miss the ice beast. The ice beast hits you.
The ice beast freezes you.
It was a potion of mutation.
You feel extremely strange.
You feel clumsy.
You feel nature experimenting on you.
Don't worry, failures die fast.
Your genes go into a fast flux.
The ice beast hits you. The ice beast freezes you!
* * * LOW HITPOINT WARNING * * *
It was a potion of lignification.
You turn into a tree.
Your +0 chain mail melds into your body.
Your roots penetrate the ground.
The ice beast hits you but does no damage.
It was a potion of curing.
You feel better. The ice beast hits you.
* * * LOW HITPOINT WARNING * * *
The ice beast freezes you!
You die...

. .. o.. .
.... ...
..... ##..#
####.....#
......##Y...#
.......♣#####
......###
..... ....
... .. #


You could see an ice beast.

Vanquished Creatures
  An orc priest (D:2)
  An orc wizard (D:3)
  4 adders (D:2)
  3 dart slugs
  2 leopard geckos
  An orc (D:3)
  A ball python (D:2)
  3 giant cockroaches
  7 goblins
  9 hobgoblins
  2 jackals (D:2)
  A quokka (D:2)
  4 bats
  5 frilled lizards
  3 kobolds
  4 rats
51 creatures vanquished.

Notes
Turn   | Place    | Note
-------+----------+-------------------------------------------
     0 | D:1      | Aviak the Formicid Warper began the quest for the Orb.
     0 | D:1      | Reached XP level 1. HP: 16/16 MP: 3/3
   160 | D:1      | Reached XP level 2. HP: 23/23 MP: 5/5
   272 | D:1      | Reached XP level 3. HP: 16/28 MP: 6/6
  1170 | D:2      | Reached XP level 4. HP: 29/35 MP: 7/7
  1855 | D:2      | Reached XP level 5. HP: 18/42 MP: 8/8
  2022 | D:3      | Noticed an ice beast
  2029 | D:3      | Gained mutation: You are clumsy. (Dex -2) [potion of
                  | mutation]
  2029 | D:3      | Gained mutation: You evolve. [potion of mutation]
  2029 | D:3      | Gained mutation: You rapidly evolve. [potion of mutation]
  2031 | D:3      | Slain by an ice beast

Levels and vault maps discovered:
D:1:      dpeg_arrival_arbitrary_a, layout_basic, hangedman_decor_growths
D:2:      layout_basic, first_ration
D:3:      layout_rooms, nicolae_overflow_crystal_walls

Skill      XL: |  1  2  3  4  5 |
---------------+----------------+-----
Dodging        | 2 |  2.0
Armour         | 2 3 |  3.1
Fighting       | 3 |  3.8
Axes           | 3 |  3.3
Throwing       | |  1.0
Spellcasting   | |  2.2
Translocations | |  2.6

Action                   |  1- 3 |  4- 6 || total
-------------------------+-------+-------++-------
Melee: Hand axe          |    90 |   105 ||   195
  Use: Potion            |       |     3 ||     3
  Eat: Chunk             |     1 |     3 ||     4
Armor: Leather armour    |    29 |       ||    29
       Chain mail        |    21 |    57 ||    78
       Skin              |       |     1 ||     1
Dodge: Dodged            |    53 |    40 ||    93
